Map: Hardwire LE

Players

Percival - Winner!

  • Race: Terran Terran

DRG

  • Race: Zerg Zerg

VOD

Have the link to the VOD?

Description

Time

  • Played on: Dec. 15, 2021, 4:09 a.m.
  • Length: 7:25
Show
View Real Time Build Order
Export as new Build Order

Percival Terran - Winner!

Build Orders: Reaper Expand 

Get SALT Encoding   

  12  0:00  SCV  
  13  0:12  SCV  
  14  0:16  Supply Depot  
  14  0:24  SCV  
  15  0:38  SCV  
  15  0:39  Barracks  
  16  0:42  Refinery  
  16  0:50  SCV  
  17  1:02  SCV  
  18  1:14  SCV  
  19  1:26  Orbital Command, Reaper  
  20  1:38  Command Center  
  20  1:45  Supply Depot  
  20  1:51  SCV  
  21  1:58  Marine  
  22  2:03  SCV  
  22  2:07  Factory  
  23  2:16  SCV  
  23  2:19  Barracks Reactor  
  23  2:21  Barracks  
  24  2:28  SCV  
  25  2:30  Refinery  
  25  2:40  SCV  
  26  2:50  Orbital Command  
  26  2:52  SCV  
  27  3:00  Hellion x2  
  27  3:03  Barracks Tech Lab  
  27  3:04  SCV  
  32  3:09  Barracks Reactor  
  32  3:16  SCV x2  
  34  3:21  Hellion x2  
  34  3:22  Stimpack, Marine  
  39  3:28  Supply Depot  
  39  3:29  SCV x2  
  41  3:40  Marine  
  41  3:41  Starport, SCV x2  
  43  3:45  Marine x2  
  46  3:53  SCV x2, Supply Depot  
  48  3:58  Marine  
  48  4:01  Supply Depot  
  49  4:03  Hellion  
  49  4:05  SCV  
  49  4:06  Marine x2  
  54  4:14  SCV  
  54  4:16  Marine  
  56  4:17  SCV  
  56  4:22  Armory  
  56  4:24  Marine x2  
  58  4:26  SCV  
  58  4:27  Medivac x2  
  58  4:31  Hellion  
  66  4:33  SCV  
  67  4:39  Supply Depot, Marine  
  67  4:41  Marine  
  67  4:44  Marine  
  70  4:52  Command Center  
  70  5:01  SCV x2  
  70  5:02  Combat Shield  
  70  5:05  Factory Tech Lab  
  70  5:06  Marine x2  
  74  5:08  Barracks, Marine  
  74  5:13  SCV x2  
  77  5:16  Supply Depot  
  77  5:18  Starport Reactor, Supply Depot  
  77  5:25  SCV  
  77  5:26  SCV  
  78  5:33  Marine x2  
  73  5:36  Marine  
  73  5:37  SCV  
  73  5:38  SCV  
  73  5:39  Siege Tank  
  79  5:49  Engineering Bay x2, SCV  
  80  5:50  SCV  
  80  5:51  Marine x2  
  80  5:53  Marine  
  84  5:59  Supply Depot x2  
  84  6:02  Refinery  
  88  6:06  Refinery, SCV  
  88  6:07  Medivac x2  
  88  6:08  Marine x3  
  88  6:09  Marine  
  90  6:14  Marine  
  90  6:15  Orbital Command  
  90  6:18  SCV x2  
  90  6:28  Marine x4  
  90  6:32  Marine  
  91  6:34  SCV x2  
  94  6:44  Siege Tank  
  94  6:45  Marine x2  
  94  6:46  Marine x2  
  99  6:47  SCV x2  
  99  6:49  Orbital Command  
  99  6:50  Marine  
  99  6:52  Supply Depot x2  
  99  6:54  Supply Depot  
  102  6:59  SCV x2  
  104  7:04  Barracks  
  104  7:06  Barracks  
  104  7:07  Marine x2  
  109  7:11  SCV x2  
Show
View Real Time Build Order
Export as new Build Order

DRG Zerg 

Build Orders: Hatch First 

Get SALT Encoding   

  12  0:00  Drone  
  13  0:12  Overlord  
  13  0:17  Drone  
  14  0:30  Drone x2  
  16  0:47  Hatchery  
  15  0:50  Drone  
  15  0:55  Drone  
  17  0:59  Drone  
  18  1:13  Spawning Pool  
  18  1:15  Drone  
  18  1:19  Drone  
  19  1:28  Drone  
  20  1:39  Drone  
  21  1:42  Extractor  
  20  1:49  Drone  
  21  2:00  Zergling x4, Queen x2  
  27  2:10  Overlord  
  27  2:11  Zergling x2  
  28  2:21  Hatchery  
  27  2:23  Drone  
  27  2:29  Drone  
  29  2:30  Drone  
  29  2:33  Drone  
  31  2:40  Queen  
  33  2:45  Overlord  
  33  2:48  Drone  
  34  2:52  Drone  
  34  2:54  Metabolic Boost  
  34  2:58  Drone  
  36  3:04  Drone  
  37  3:07  Drone  
  37  3:08  Drone x2  
  37  3:11  Drone x2  
  42  3:15  Drone x2  
  44  3:25  Overlord  
  44  3:31  Extractor  
  44  3:32  Queen  
  44  3:33  Queen  
  48  3:35  Overlord  
  48  3:37  Drone  
  48  3:41  Drone  
  50  3:45  Drone x4  
  50  3:47  Drone  
  55  3:50  Drone x2  
  55  3:55  Drone x2  
  59  4:01  Drone  
  60  4:05  Zergling x2  
  60  4:07  Overlord, Queen  
  60  4:08  Zergling x2  
  64  4:13  Baneling Nest, Queen  
  64  4:16  Zergling x2  
  66  4:17  Overlord  
  66  4:19  Overlord  
  66  4:25  Overlord  
  66  4:28  Overlord  
  66  4:35  Drone  
  66  4:36  Drone x2  
  66  4:37  Drone x2  
  71  4:39  Lair  
  71  4:41  Extractor  
  71  4:42  Drone x4, Extractor  
  71  4:44  Queen  
  75  4:47  Drone  
  75  4:48  Drone  
  75  4:50  Drone  
  75  4:51  Drone x2  
  80  4:52  Drone  
  80  4:56  Zergling x4  
  80  4:57  Zergling x2  
  83  5:01  Drone x2  
  83  5:05  Drone  
  86  5:07  Evolution Chamber, Queen  
  86  5:08  Evolution Chamber  
  86  5:13  Drone x3  
  89  5:16  Overlord  
  89  5:17  Baneling x7  
  89  5:18  Zergling x4  
  91  5:21  Zergling x6  
  91  5:23  Queen  
  79  5:35  Zergling x10  
  79  5:36  Zergling x4  
  79  5:37  Queen  
  82  5:44  Queen  
  82  5:49  Zergling x2, Baneling x4  
  82  5:51  Zergling x4  
  82  5:53  Zergling x6  
  72  5:57  Zergling x2  
  72  5:58  Zergling x2  
  72  5:59  Queen  
  72  6:01  Zergling x2  
  71  6:05  Zergling x2  
  67  6:13  Queen, Drone x2  
  67  6:16  Drone x2  
  72  6:20  Drone x2  
  72  6:23  Drone  
  75  6:26  Drone x2  
  75  6:31  Drone  
  79  6:32  Drone  
  79  6:34  Drone  
  79  6:36  Drone  
  79  6:39  Drone  
  82  6:41  Overlord  
  82  6:42  Drone  
  81  6:49  Drone  
  82  7:00  Zergling x2  
  82  7:01  Zergling x4  
  85  7:02  Zergling x4  
  85  7:05  Hatchery  
  85  7:06  Zergling x2  
  85  7:07  Zergling x8  
  92  7:10  Baneling x4  
Tags
 
Add a new tag
Caveats
  • Supply blocks, unpowered buildings, or Contaminate may cause inaccurate times.
  • Supply counts are checked every 10 seconds.